 Dungeon Crawl Stone Soup version 0.27-a0-1090-gb115f176c6 (webtiles) character file.

Game seed: 15021775330146479053

5 Vomitron the Sneak (level 1, 0/20 HPs)
             Began as a Minotaur Delver on Apr 28, 2021.
             Slain by an iguana (8 damage)
             ... on level 5 of the Dungeon.
             The game lasted 00:00:15 (23 turns).

Vomitron the Sneak (Minotaur Delver)                  Turns: 23, Time: 00:00:15

Health: 0/20       AC:  3    Str: 16    XL:     1   Next: 66%
Magic:  0/0        EV: 11    Int:  7    God:
Gold:   0          SH:  0    Dex: 11    Spells: 0/0 levels left

rFire    . . .     SeeInvis .   a - +0 spear
rCold    . . .     Faith    .   (no shield)
rNeg     . . .     Spirit   .   b - +0 leather armour
rPois    .         Reflect  .   (helmet restricted)
rElec    .         Harm     .   (no cloak)
rCorr    .         Rampage  .   (no gloves)
Will     .....                  (no boots)
Stlth    ++........             (no amulet)
HPRegen  0.06/turn              (no ring)
MPRegen  0.07/turn              (no ring)

@: no status effects
A: horns 2, retaliatory headbutt
a: no special abilities


You were on level 5 of the Dungeon.
You visited 1 branch of the dungeon, and saw 1 of its levels.

Inventory:

Hand Weapons
 a - a +0 spear (weapon)
Armour
 b - a +0 leather armour (worn)
Wands
 g - a wand of digging (3)
Scrolls
 c - a scroll of fog
 d - a scroll of magic mapping
 e - a scroll of fear
Potions
 f - a potion of haste


   Skills:
 + Level 3.7 Fighting
 * Level 2.8 Polearms
 + Level 0.5 Armour
 - Level 2.1 Dodging
 - Level 4.1 Stealth


You couldn't memorise any spells.
You didn't know any spells.
Your spell library was empty.

Dungeon Overview and Level Annotations

Branches:
Dungeon (5/15)
 Temple: D:4-7

Altars:


Innate Abilities, Weirdness & Mutations

You have a pair of horns on your head.
You reflexively headbutt those who attack you in melee.


Message History

Welcome, Vomitron the Minotaur Delver.
Will you be the one to retrieve the legendary Orb of Zot from the depths?
Press ? for a list of commands and other information.
Found two stone staircases leading down.
An ufetubus comes into view.
The ufetubus shouts!
Found 20 stones.
An iguana comes into view.
The iguana hisses angrily.
The ufetubus hits you. The ufetubus closely misses you.
Found a dagger.
You miss the ufetubus. Your headbutt misses the ufetubus.
The ufetubus closely misses you. The ufetubus misses you.
Unknown command.
The ufetubus completely misses you. The ufetubus barely misses you.
You miss the ufetubus.
The ufetubus hits you but does no damage.
The ufetubus barely misses you. x2; The ufetubus misses you.
You barely miss the ufetubus. The ufetubus barely misses you.
The ufetubus hits you.
You closely miss the ufetubus. Your headbutt misses the ufetubus.
The ufetubus hits you. x2; The ufetubus barely misses you.
You furiously retaliate!
You headbutt the ufetubus, but do no damage.
The ufetubus closely misses you.
You barely miss the ufetubus. Your headbutt misses the ufetubus.
The ufetubus hits you. The ufetubus barely misses you.
You barely miss the ufetubus. Your headbutt misses the ufetubus.
The ufetubus hits you but does no damage.
The ufetubus hits you.
The ufetubus hits you but does no damage.
The ufetubus closely misses you.
You hit the ufetubus. You headbutt the ufetubus.
You kill the ufetubus!
There is a dry fountain here.
You closely miss the iguana. Your headbutt misses the iguana.
The iguana bites you!
You die...

#....## ###..##
#.....#
#.###..#
####.####.#
##.......##.#
##..⌠...⌠..##.#
#.....l.....#.#
#.....@.....# .
#..>.....>..#
#.....⌠.....#
#...........#
##..⌠...⌠..##
##.......##
......###
#......#
......#


You could see an iguana.

Vanquished Creatures
  An ufetubus (D:5)
1 creature vanquished.

Notes
Turn   | Place    | Note
-------+----------+-------------------------------------------
     0 | D:5      | Vomitron the Minotaur Delver began the quest for the Orb.
     0 | D:5      | Reached XP level 1. HP: 19/19 MP: 0/0
     8 | D:5      | Noticed an iguana
    23 | D:5      | Slain by an iguana

Illustrated notes

Levels and vault maps discovered:
D:5:      layout_cave_pods, kennysheep_little_box, grunt_ministairs_10,
          uniq_grinder

Action                   || total
-------------------------++-------
Melee: Spear             ||     8
       Headbutt          ||     1
Armor: Leather armour    ||     3
Dodge: Dodged            ||    13

Table legend: (Time is in decaauts)
 A = Elapsed time spent in this place.
 B = Non-inter-level travel time spent in this place.
 C = Inter-level travel time spent in this place.
 D = Time resting spent in this place.
 E = Time spent auto-exploring this place.
 F = Levels seen in this place.
 G = Mean time per level.
                   A        B        C        D        E       F      G
               +--------+--------+--------+--------+--------+-----+--------+
         Total |     22 |     22 |      0 |      0 |      7 |   1 |   22.0 |
       Dungeon |     22 |     22 |      0 |      0 |      7 |   1 |   22.0 |
               +--------+--------+--------+--------+--------+-----+--------+

Top non-repeatable levels by time:
     D:5: 22 daAuts
